 Dungeon Crawl Stone Soup version 0.29.1-1-gd02db6906a (webtiles) character file.

Game seed: 11157705638064435974

997 fireball365 the Cleaver (level 7, -1/59 HPs)
             Began as a Minotaur Fighter on Oct 10, 2022.
             Was an Initiate of Ashenzari.
             Slain by a polar bear (2 damage)
             ... created by the rage of Trog
             ... on level 4 of the Dungeon.
             The game lasted 00:24:35 (5125 turns).

fireball365 the Cleaver (Minotaur Fighter)          Turns: 5125, Time: 00:24:35

Health: -1/59      AC:  3    Str: 26    XL:     7   Next: 99%
Magic:  6/6        EV:  7    Int:  5    God:    Ashenzari [......]
Gold:   26         SH:  9    Dex: 12    Spells: 6/6 levels left

rFire   . . .      SeeInvis .   a - +1 war axe
rCold   + . .      Faith    .   l - +0 kite shield
rNeg    . . .      Spirit   .   A - +3 chain mail {rC+}
rPois   .          Reflect  .   (helmet restricted)
rElec   .          Harm     .   (no cloak)
rCorr   .          Rampage  .   D - +0 pair of gloves
Will    +....                   y - +0 pair of boots
Stlth   ..........              (no amulet)
HPRegen 0.19/turn               e - +6 ring of strength
MPRegen 0.10/turn               x - ring of willpower

@: corroded, hasted, very quick
A: horns 2, retaliatory headbutt
a: Renounce Religion


You were on level 4 of the Dungeon.
You worshipped Ashenzari.
Ashenzari was noncommittal.
You visited 2 branches of the dungeon, and saw 5 of its levels.

You collected 336 gold pieces.
You spent 310 gold pieces at shops.

Inventory:

Hand Weapons
 a - a +1 war axe (weapon)
 c - a +0 great mace
 d - a +0 flail
 t - a +0 long sword
Missiles
 u - 10 stones (quivered)
 C - 2 boomerangs
Armour
 l - a +0 kite shield (worn)
 o - a +0 chain mail
 y - a +0 pair of boots (worn)
 A - a +3 chain mail of cold resistance (worn)
 D - a +0 pair of gloves (worn)
Magical Staves
 r - a staff of air
 s - a staff of cold
Jewellery
 e - a +6 ring of strength (left hand)
 m - a ring of wizardry
 x - a ring of willpower (right hand)
 B - a ring of fire
Wands
 f - a wand of paralysis (12)
Scrolls
 h - a scroll of immolation {unknown}
 i - a scroll of summoning {unknown}
 j - 6 scrolls of identify
 q - a scroll of fog {unknown}
 w - a scroll of enchant armour {unknown}
Potions
 b - a potion of haste
 k - a potion of flight {unknown}
 p - a potion of lignification {unknown}
 v - a potion of heal wounds {unknown}


   Skills:
 - Level 4.0 Fighting
 + Level 8.7 Axes
 + Level 6.0 Armour
 + Level 1.3 Dodging
 + Level 0.6 Stealth
 + Level 5.7 Shields


You had 6 spell levels left.
You didn't know any spells.
Your spell library contained the following spells:

 Spells                   Type           Power      Damage    Failure   Level
 Beastly Appendage        Tmut           0%         N/A       100%        1
 Magic Dart               Conj           0%         1d3       100%        1
 Searing Ray              Conj           0%         2d4       100%        2
 Wereblood                Tmut           0%         N/A       100%        2
 Confusing Touch          Hex            0%         N/A       100%        3
 Dazzling Flash           Conj/Hex       0%         N/A       100%        3
 Spider Form              Tmut/Pois      0%         N/A       100%        3
 Fulminant Prism          Conj/Hex       0%         3d6       100%        4
 Iskenderun's Mystic Bla  Conj/Tloc      0%         2d3       100%        4
 Summon Forest            Summ/Tloc      0%         N/A       100%        5
 Summon Mana Viper        Hex/Summ       0%         N/A       100%        5
 Yara's Violent Unravell  Hex/Tmut       0%         3d3       100%        5
 Starburst                Conj/Fire      0%         6d3       100%        6
 Summon Cactus Giant      Summ           0%         N/A       100%        6
 Enfeeble                 Hex            0%         N/A       100%        7


Dungeon Overview and Level Annotations

Branches:
Dungeon (4/15)             Temple (1/1) D:4

Altars:
Ashenzari
Cheibriados
Dithmenos
Elyvilon
Fedhas
Hepliaklqana
Makhleb
Okawaru
Qazlal
Ru
Sif Muna
Trog
Vehumet
Xom
Zin

Shops:
D:1 *!   D:4 [


Innate Abilities, Weirdness & Mutations

You have a pair of horns on your head.
You reflexively headbutt those who attack you in melee.


Message History

Things that are here:
a scroll labelled ITOUTUTT YPOI; a hobgoblin corpse You barely miss the jelly.
The jelly is severely wounded.
The jelly completely misses you. You furiously retaliate!
You headbutt the jelly. You slash the jelly!
You kill the jelly!
Trog sends monsters to punish you.
A black bear and 3 polar bears come into view.
Things that are here:
a scroll labelled ITOUTUTT YPOI; a hobgoblin corpse
As you read the scroll labelled UKHLO OGUSAC, it crumbles to dust.
You feel aware of your surroundings.
It was a scroll of magic mapping.
You feel better. You block the black bear's attack.
The black bear closely misses you. You block the black bear's attack.
The polar bear barely misses you. The polar bear completely misses you.
The polar bear claws you. You block the polar bear's attack.
The polar bear claws you. The polar bear completely misses you.
It was a potion of haste.
You feel yourself speed up. The polar bear barely misses you.
You furiously retaliate!
You headbutt the polar bear, but do no damage.
The polar bear barely misses you. You block the polar bear's attack. x2
The polar bear closely misses you.
The polar bear claws you but does no damage.
The polar bear bites you!! The polar bear barely misses you.
The polar bear claws you but does no damage.
You block the polar bear's attack. The polar bear claws you.
The polar bear barely misses you.
As you read the scroll labelled FEYMOFEUXA, it crumbles to dust.
It is a scroll of enchant weapon.
Your +0 war axe glows red for a moment.
The polar bear bites you!
* * * LOW HITPOINT WARNING * * *
You block the polar bear's attack.
The polar bear claws you but does no damage.
The polar bear barely misses you. You furiously retaliate!
You headbutt the polar bear, but do no damage.
The polar bear barely misses you. You block the polar bear's attack.
The polar bear bites you.
You die...

#...*#.[.....†................
##..##........................
*#..#........................
#....#......................
#.#..###.........#.#........
#....# #.........#.#........
#...#######...##.#....#.....
#........hh.####.##.#.###...
#..#######h@#....#*.#..##...
######..# #####.h..#****.##.##...
........###.....#..# #.##.##...
.........#..#####..#####.##....∩.
..###......## #.).....<....#...
.##.#####...## ##..###..##.##.#.
.#......###..######'###'###'###.÷
##........##....#..#.......#..##.
#...###....##.#.#..#......÷#..##.


You could see 3 polar bears and a black bear (berserk).

Vanquished Creatures
  The ghost of Icepheonix32 the Summoner, an amateur MfSu (D:4)
  3 ogres (D:3)
  The ghost of Wentworth the Chiller, a weakling DsIE (D:3)
  A jelly (D:4)
  A hound (D:4)
  An iguana (D:4)
  Ijyb (D:4)
  Natasha (twice) (D:4)
  12 gnolls (D:3)
  3 adders (D:2)
  2 hound simulacra (D:4)
  A white imp (D:4)
  A howler monkey simulacrum (D:4)
  A dart slug (D:4)
  3 worms (D:2)
  An adder simulacrum (D:4)
  An orc (D:4)
  11 ball pythons
  4 bats
  7 endoplasms
  5 giant cockroaches
  30 goblins
  36 hobgoblins
  8 kobolds
  4 quokkas
  7 frilled lizards
  A quokka simulacrum (D:4)
  A rat (D:3)
150 creatures vanquished.

Vanquished Creatures (others)
  A jelly (D:4)
  A hound (D:4)
  An adder (D:4)
  61 plants (D:1)
64 creatures vanquished.

Grand Total: 214 creatures vanquished

Notes
Turn   | Place    | Note
-------+----------+-------------------------------------------
     0 | D:1      | fireball365 the Minotaur Fighter began the quest for the
                  | Orb.
     0 | D:1      | Reached XP level 1. HP: 19/19 MP: 0/0
   162 | D:1      | Reached XP level 2. HP: 15/27 MP: 1/1
   198 | D:1      | Found Etokuk's General Store.
  1027 | D:1      | Reached skill level 3 in Axes
  1243 | D:1      | Found Doorch's Distillery.
  1464 | D:2      | Reached XP level 3. HP: 33/33 MP: 2/2
  1745 | D:2      | Reached skill level 4 in Axes
  1762 | D:2      | Reached XP level 4. HP: 32/40 MP: 3/3
  2383 | D:3      | Reached XP level 5. HP: 44/46 MP: 4/4
  2388 | D:3      | Reached skill level 5 in Axes
  2729 | D:3      | Reached skill level 6 in Axes
  2981 | D:3      | Reached XP level 6. HP: 19/52 MP: 5/5
  3757 | D:3      | Found a transporter.
  3767 | D:3      | Noticed Wentworth's ghost (weakling DsIE)
  3784 | D:3      | Found a transporter.
  3911 | D:3      | Killed Wentworth's ghost
  3912 | D:3      | Reached skill level 5 in Shields
  3914 | D:3      | Reached skill level 7 in Axes
  3914 | D:3      | Reached skill level 5 in Armour
  3917 | D:3      | Reached XP level 7. HP: 7/59 MP: 6/6
  4207 | D:3      | You fall into a shaft and drop 1 floor!
  4207 | D:4      | Found Qosuoj's Armour Boutique.
  4216 | D:4      | Bought a +3 chain mail of cold resistance for 265 gold
                  | pieces
  4276 | D:4      | Found a runed translucent gate.
  4276 | D:4      | Found a runed translucent gate.
  4277 | D:4      | Found a runed translucent gate.
  4305 | D:4      | Noticed Icepheonix32's ghost (amateur MfSu)
  4319 | D:4      | Killed Icepheonix32's ghost
  4320 | D:4      | Reached skill level 8 in Axes
  4320 | D:4      | Reached skill level 1 in Dodging
  4402 | D:4      | Found a bloodstained altar of Trog.
  4407 | D:4      | Became a worshipper of Trog the Wrathful
  4532 | D:4      | Noticed Natasha
  4541 | D:4      | Killed Natasha
  4551 | D:4      | Bought a +0 pair of gloves for 45 gold pieces
  4601 | D:4      | Found a shimmering altar of Xom.
  4741 | D:4      | Noticed Natasha
  4792 | D:4      | Killed Natasha
  4843 | D:4      | Found a staircase to the Ecumenical Temple.
  4847 | D:4      | Noticed Ijyb
  4861 | D:4      | Killed Ijyb
  4885 | Temple   | Entered the Ecumenical Temple
  4982 | Temple   | Fell from the grace of Trog
  4982 | Temple   | Became a worshipper of Ashenzari the Shackled
  5122 | D:4      | Noticed a polar bear
  5122 | D:4      | Noticed a polar bear
  5122 | D:4      | Noticed a polar bear
  5125 | D:4      | HP: 1/59 [polar bear[the rage of Trog] (17)]
  5125 | D:4      | Slain by a polar bear

Illustrated notes

Levels and vault maps discovered:
D:1:      grunt_arrival_lava_bath, layout_loops_corners, serial_bayou,
          serial_bayou_shore_b, serial_bayou_lagoon_a, serial_bayou_pond_d,
          serial_bayou_pond_d, serial_shops, shop, nicolae_lakefront_shop
D:2:      layout_loops_ring
D:3:      minmay_goblin_kobold_castle, layout_basic, gammafunk_ghost_smash
D:4:      layout_rooms, xom_confusion_cloud, mainiacjoe_overflow_24_doors,
          minmay_temple_entry_drinking_statues, gammafunk_ghost_icy,
          serial_shops, shop, uniq_crazy_yiuf_cottage, uniq_ijyb, uniq_natasha
Temple:   dshaligram_water_room_temple

Skill      XL: |  1  2  3  4  5  6  7 |
---------------+----------------------+-----
Fighting       | 4 |  4.0
Shields        | 4 5 |  5.7
Axes           | 3 4 6 7 8 |  8.7
Armour         | 4 5 6 |  6.0
Dodging        | 1 |  1.3
Stealth        | |  0.6

Action                   |  1- 3 |  4- 6 |  7- 9 || total
-------------------------+-------+-------+-------++-------
Melee: War axe           |   155 |   130 |    75 ||   360
       Headbutt          |    38 |    17 |    19 ||    74
Evoke: Wand              |       |     1 |     1 ||     2
  Use: Potion            |       |     2 |     3 ||     5
       Scroll            |       |       |     4 ||     4
 Stab: Paralysed         |       |       |     1 ||     1
Armor: Scale mail        |    21 |       |       ||    21
       Chain mail        |     5 |   103 |    38 ||   146
Dodge: Dodged            |    32 |    52 |    30 ||   114
Block: Buckler           |    11 |       |       ||    11
       Kite shield       |    23 |    97 |    47 ||   167
